 Seeded DCSS version 0.29-a0-973-gac7da5f7f0 (webtiles) character file.

Game seed: 20220731 (custom seed)

21711 purpskrrrp the Cleaver (level 12, -10/94 HPs)
             Began as a Demonspawn Fighter on July 31, 2022.
             Was a High Priest of Hepliaklqana.
             Mangled by a very large slime creature (37 damage)
             ... on level 13 of the Dungeon.
             The game lasted 00:44:53 (13615 turns).

purpskrrrp the Cleaver (Demonspawn Fighter)        Turns: 13615, Time: 00:44:54

Health: -10/94     AC: 23    Str: 21    XL:     12   Next: 56%
Magic:  12/12      EV: 17    Int: 15    God:    Hepliaklqana [*****.]
Gold:   232        SH:  6    Dex: 15    Spells: 11/11 levels left

rFire   . . .      SeeInvis .   M - +8 broad axe of Nemelex Xobeh's Wrath {freeze, Dex+3}
rCold   . . .      Faith    .   c - +1 buckler
rNeg    . . .      Spirit   .   k - +6 scale mail
rPois   +          Reflect  .   V - +0 helmet
rElec   .          Harm     .   N - +1 cloak of Starlight {*Dazzle EV+4 Stlth--}
rCorr   .          Rampage  .   U - +0 pair of gloves
Will    .....                   (no boots)
Stlth   ..........              D - amulet of the acrobat
HPRegen 0.25/turn               e - +4 ring of protection
MPRegen 0.13/turn               P - +4 ring of slaying

@: studying Fighting
A: reduced essence, hooves 2, demonic guardian 1, big brain 2, demonic magic 1,
poison resistance, robust 1, noise suppression
a: Renounce Religion, Recall Ancestor, Ancestor Identity, Transference, Idealise


You were on level 13 of the Dungeon.
You worshipped Hepliaklqana.
Hepliaklqana was extremely pleased with you.
You visited 2 branches of the dungeon, and saw 14 of its levels.

You collected 815 gold pieces.
You spent 583 gold pieces at shops.

Inventory:

Hand Weapons
 a - a +3 war axe of flaming
 g - the +6 dagger of Nuicoova {flame, *Corrode Fly Str+2}
   (You took it off an orc on level 9 of the Dungeon)

   It burns those it strikes, dealing additional fire damage.
   Str:       It affects your strength (+2).
   Fly:       It grants you flight.
   *Corrode:  It may corrode you when you take damage.
 l - a +3 halberd
 v - a +3 vorpal falchion
 M - the +8 broad axe of Nemelex Xobeh's Wrath (weapon) {freeze, Dex+3}
   (You found it on level 8 of the Dungeon)

   It freezes those it strikes, dealing additional cold damage.
   It can also slow down cold-blooded creatures.
   Dex:       It affects your dexterity (+3).
 T - a +0 antimagic war axe
Missiles
 i - 47 poisoned darts (quivered)
 G - 12 javelins
Armour
 b - a +0 scale mail
 c - a +1 buckler (worn)
 k - a +6 scale mail (worn)
 N - the +1 cloak of Starlight (worn) {*Dazzle EV+4 Stlth--}
   (You bought it in a shop on level 9 of the Dungeon)

   It may blind those who miss an attack against the wearer in melee combat.
   EV:        It affects your evasion (+4).
   Stlth:     It makes you much less stealthy.
 U - a +0 pair of gloves (worn)
 V - a +0 helmet (worn)
Jewellery
 e - a +4 ring of protection (left hand)
 j - a +6 ring of intelligence
 r - an amulet of faith
 t - an amulet of regeneration
 u - a ring of see invisible
 D - an amulet of the acrobat (around neck)
 K - a ring of resist corrosion
 O - a ring of positive energy
 P - a +4 ring of slaying (right hand)
Wands
 y - a wand of polymorph (6)
 E - a wand of flame (9)
 J - a wand of iceblast (20)
Scrolls
 w - 2 scrolls of fear
 x - 11 scrolls of teleportation
 z - 2 scrolls of amnesia
 B - 3 scrolls of blinking
 C - 2 scrolls of identify
 I - 4 scrolls of magic mapping
 Q - a scroll of poison
 R - a scroll of enchant armour
Potions
 d - 2 potions of might
 f - 4 potions of curing
 h - 2 potions of lignification
 m - 3 potions of haste
 n - 2 potions of resistance
 p - a potion of attraction
 A - a potion of flight
 F - 3 potions of invisibility
 H - 2 potions of cancellation {unknown}
 L - 3 potions of heal wounds
 S - a potion of ambrosia {unknown}
 W - a potion of brilliance {unknown}
Miscellaneous
 o - a tin of tremorstones (2/2)
 q - a box of beasts
 s - a condenser vane


   Skills:
 + Level 8.3 Fighting
 + Level 0.6 Short Blades
 * Level 14.2 Axes
 + Level 0.5 Throwing
 + Level 7.7 Armour
 * Level 7.4 Dodging
 + Level 3.4 Stealth
 + Level 5.5 Shields


You had 11 spell levels left.
You didn't know any spells.
Your spell library contained the following spells:

 Spells                   Type           Power      Damage    Failure   Level
 Apportation              Tloc           0%         N/A       63%         1
 Magic Dart               Conj           0%         1d3       63%         1
 Necrotise                Necr           0%         1d4       63%         1
 Summon Small Mammal      Summ           0%         N/A       63%         1
 Call Imp                 Summ           0%         N/A       77%         2
 Ensorcelled Hibernation  Hex/Ice        0%         N/A       77%         2
 Poisonous Vapours        Pois/Air       0%         N/A       77%         2
 Sublimation of Blood     Necr           0%         N/A       77%         2
 Wereblood                Tmut           0%         N/A       77%         2
 Dazzling Flash           Conj/Hex       0%         N/A       94%         3
 Mephitic Cloud           Conj/Pois/Air  0%         N/A       94%         3
 Spider Form              Tmut/Pois      0%         N/A       94%         3
 Airstrike                Air            0%         0-1+      100%        4
 Anguish                  Hex/Necr       0%         N/A       100%        4
 Corpse Rot               Necr/Pois/Air  0%         N/A       100%        4
 Iskenderun's Mystic Bla  Conj/Tloc      0%         2d3       100%        4
 Leda's Liquefaction      Hex/Erth       0%         N/A       100%        4
 Summon Ice Beast         Ice/Summ       0%         N/A       100%        4
 Summon Lightning Spire   Summ/Air       0%         N/A       100%        4
 Lee's Rapid Deconstruct  Erth           0%         3d5*      100%        5
 Lightning Bolt           Conj/Air       0%         1d11      100%        5
 Summon Mana Viper        Hex/Summ       0%         N/A       100%        5
 Starburst                Conj/Fire      0%         6d3       100%        6
 Statue Form              Tmut/Erth      0%         N/A       100%        6
 Monstrous Menagerie      Summ           0%         N/A       100%        7
 Summon Hydra             Summ           0%         N/A       100%        7


Dungeon Overview and Level Annotations

Branches:
Dungeon (13/15)            Temple (1/1) D:4            Lair (0/5) D:11
    Orc (0/2) D:9
 Vaults: D:13-14

Altars:
Ashenzari
Cheibriados
Dithmenos
Fedhas
Gozag
Hepliaklqana
Kikubaaqudgha
Makhleb
Nemelex Xobeh
Okawaru
Qazlal
Ru
Sif Muna
Trog
Uskayaw
Vehumet
Wu Jian
Xom
Yredelemnul

Shops:
D:9 *   D:10 [*??

Annotations:
D:10 3 runed translucent doors, exclusion: obsidian statue, Yogidamonk's ghost, novice MiHu


Innate Abilities, Weirdness & Mutations

Your life essence is reduced to manifest your ancestor. (-10% HP)
You have hoof-like feet.
A weak demonic guardian rushes to your aid.
You have an extremely huge brain. (Int +4)
Spells you cast may paralyse adjacent enemies.
Your system is resistant to poisons. (rPois)
You are robust. (+10% HP)
You passively dampen the noise of your surroundings.


Message History

The slime creature is almost dead.
The slime creature completely misses you.
Zulima gestures at the slime creature while chanting.
The puff of frost hits the slime creature!
You strike the helpless slime creature from behind!
You slash the slime creature! You freeze the slime creature.
You kill the slime creature!
You slash the very large slime creature!
You freeze the very large slime creature!
You kick the very large slime creature.
The very large slime creature is lightly wounded.
The very large slime creature hits you!!
You slice the very large slime creature!!
You freeze the very large slime creature!
You kick the very large slime creature.
The very large slime creature is moderately wounded.
The very large slime creature hits you!
You slash the very large slime creature!
You freeze the very large slime creature.
You kick the very large slime creature.
The very large slime creature is heavily wounded.
The very large slime creature hits you!!
You slice the very large slime creature!!
You freeze the very large slime creature.
You kick the very large slime creature.
The very large slime creature is severely wounded.
The very large slime creature completely misses you.
Zulima casts a spell at the very large slime creature.
The puff of frost hits the very large slime creature!
You slash the very large slime creature!
You freeze the very large slime creature.
You kick the very large slime creature.
The very large slime creature is severely wounded.
The very large slime creature hits you.
* * * LOW HITPOINT WARNING * * *
You barely miss the very large slime creature.
You kick the very large slime creature.
The very large slime creature is severely wounded.
The very large slime creature hits you!!!
You die...

.. .
.##
..#
#.#
#.#
#J#
#@#
#R#
#.#
#.#
#.# .
. #>#
##.#.
#.#
.....
#.#
###.#
#.#


You could see the friendly Zulima the battlemage and a very large slime creature
(ally target).

Vanquished Creatures
  A boulder beetle (D:11)
  2 hydras (D:12)
  2 centaur warriors
  A tengu warrior (D:9)
  2 manticores
  2 gargoyles
  A kobold demonologist (D:9)
  A troll (D:12)
  7 slime creatures
  Sigmund (D:4)
  A shadow (D:11)
  A wyvern (D:10)
  A basilisk (D:13)
  3 humans (D:13)
  A wraith (D:9)
  8 yaks
  A water moccasin (D:7)
  8 orc warriors
  A black bear (D:4)
  An ogre (D:6)
  4 centaurs
  A phantom (D:5)
  Blork the orc (D:6)
  5 kobold brigands
  2 bullfrogs
  2 necrophages (D:6)
  A gnoll sergeant (D:7)
  4 scorpions (D:6)
  A wight (D:9)
  3 killer bees
  2 howler monkeys
  3 hounds
  A gnoll bouda (D:8)
  4 orc priests
  2 iguanas (D:6)
  7 orc wizards
  6 gnolls
  5 adders
  2 white imps
  A worm (D:4)
  A dart slug (D:1)
  26 orcs
  5 ball pythons
  9 bats
  4 endoplasms
  2 giant cockroaches (D:1)
  6 goblins
  2 hobgoblins
  3 jackals (D:5)
  15 kobolds
  3 quokkas
  5 rats
184 creatures vanquished.

Vanquished Creatures (collateral kills)
  A boulder beetle (D:9)
  3 two-headed ogres
  A centaur warrior (D:11)
  A jorogumo (D:9)
  An ugly thing (D:9)
  A komodo dragon (D:11)
  A hornet (D:8)
  3 trolls
  A slime creature (D:12)
  A shadow (D:11)
  A wraith (D:12)
  8 yaks
  Eustachio (D:4)
  A human (D:13)
  A water moccasin (D:8)
  An acid dragon (D:8)
  A black bear (D:4)
  An ice beast (D:8)
  2 orc warriors
  A sky beast (D:5)
  An ogre (D:4)
  3 centaurs
  A phantom (D:5)
  A bullfrog (D:9)
  4 scorpions
  3 wights (D:9)
  5 killer bees
  2 howler monkeys
  An electric eel (D:7)
  7 orc priests
  2 hounds
  5 orc wizards
  An iguana (D:4)
  4 gnolls
  4 adders
  A shadow imp (D:6)
  An ufetubus (D:5)
  23 orcs
  A giant cockroach (D:4)
  2 goblins (D:4)
  2 bats (D:6)
  10 kobolds
116 creatures vanquished.

Vanquished Creatures (others)
  5 battlemagi
  17 fungi (D:6)
22 creatures vanquished.

Grand Total: 322 creatures vanquished

Notes
Turn   | Place    | Note
-------+----------+-------------------------------------------
     0 | D:1      | purpskrrrp the Demonspawn Fighter began the quest for the
                  | Orb.
     0 | D:1      | Reached XP level 1. HP: 18/18 MP: 1/1
   388 | D:1      | Gained mutation: Spells you cast may paralyse adjacent
                  | enemies. [demonic ancestry]
   388 | D:1      | Reached XP level 2. HP: 18/24 MP: 2/2
   495 | D:1      | Found a faded altar of an unknown god.
   556 | D:1      | Prayed at the altar of an unknown god.
   556 | D:1      | Became a worshipper of Hepliaklqana the Forgotten
   556 | D:1      | Reached * piety under Hepliaklqana
   656 | D:1      | Reached skill level 2 in Axes
  1138 | D:2      | Gained mutation: You have an unusually large brain. (Int
                  | +2) [demonic ancestry]
  1138 | D:2      | Reached XP level 3. HP: 23/26 MP: 3/3
  1753 | D:3      | Reached ** piety under Hepliaklqana
  1905 | D:3      | Reached skill level 3 in Axes
  1905 | D:3      | Gained mutation: You have an extremely huge brain. (Int +4)
                  | [demonic ancestry]
  1905 | D:3      | Reached XP level 4. HP: 31/31 MP: 4/4
  1990 | D:3      | Remembered your ancestor Zulima as a battlemage
  2187 | D:4      | Noticed a scorpion
  2192 | D:4      | Killed a scorpion
  2193 | D:4      | Reached skill level 1 in Dodging
  2193 | D:4      | Gained mutation: A weak demonic guardian rushes to your
                  | aid. [demonic ancestry]
  2193 | D:4      | Reached XP level 5. HP: 36/36 MP: 5/5
  2199 | D:4      | Noticed a black bear
  2205 | D:4      | Killed a black bear
  2206 | D:4      | Reached skill level 4 in Axes
  2237 | D:4      | Found a staircase to the Ecumenical Temple.
  2243 | D:4      | Gained mutation: You have large cloven feet. [demonic
                  | ancestry]
  2243 | D:4      | Reached XP level 6. HP: 24/42 MP: 6/6
  2499 | Temple   | Entered the Ecumenical Temple
  2596 | D:4      | Noticed Sigmund
  2620 | D:4      | Killed Sigmund
  2621 | D:4      | Reached skill level 5 in Axes
  2830 | D:4      | Reached XP level 7. HP: 39/46 MP: 7/7
  2918 | D:4      | Noticed Eustachio
  2925 | D:4      | Killed Eustachio
  3127 | D:4      | Reached skill level 6 in Axes
  3674 | D:4      | Found a stormy altar of Qazlal.
  3679 | D:4      | Reached *** piety under Hepliaklqana
  3682 | D:4      | Found a burning altar of Makhleb.
  3686 | D:4      | Found a bloodstained altar of Trog.
  3767 | D:5      | Entered Level 5 of the Dungeon
  3815 | D:5      | Reached skill level 1 in Stealth
  3824 | D:5      | Reached XP level 8. HP: 52/54 MP: 8/8
  3851 | D:5      | Reached skill level 7 in Axes
  4110 | D:5      | Found a shimmering blue altar of Sif Muna.
  4740 | D:6      | Reached skill level 8 in Axes
  4898 | D:6      | Reached **** piety under Hepliaklqana
  4904 | D:6      | Reached XP level 9. HP: 56/58 MP: 9/9
  4906 | D:6      | Reached skill level 5 in Armour
  5186 | D:6      | Noticed Blork the orc
  5191 | D:6      | Killed Blork the orc
  5484 | D:7      | Reached skill level 9 in Axes
  6721 | D:8      | Reached skill level 10 in Axes
  6867 | D:8      | Reached XP level 10. HP: 53/65 MP: 10/10
  7091 | D:8      | Reached ***** piety under Hepliaklqana
  7125 | D:8      | Reached skill level 5 in Fighting
  7137 | D:8      | Identified the +8 broad axe of Nemelex Xobeh's Wrath
                  | {freeze, Dex+3}
  7398 | D:8      | Identified the +3 ring mail of Xapetaxt {Drain rF++ rN++}
  7780 | D:9      | Found Keripid's Neck Hole.
  7792 | D:9      | Bought the +1 cloak of Starlight {*Dazzle EV+4 Stlth--} for
                  | 427 gold pieces
  7792 | D:9      | Found the +1 cloak of Starlight {*Dazzle EV+4 Stlth--}
  8041 | D:9      | Noticed a boulder beetle
  8041 | D:9      | Noticed a green ugly thing
  8049 | D:9      | Noticed a tengu warrior
  8056 | D:9      | Noticed a manticore
  8061 | D:9      | Killed a boulder beetle
  8062 | D:9      | Reached skill level 5 in Dodging
  8063 | D:9      | Killed a green ugly thing
  8064 | D:9      | Reached skill level 11 in Axes
  8069 | D:9      | Noticed a centaur warrior
  8071 | D:9      | HP: 3/66 [manticore/volley of spikes (12)]
  8094 | D:9      | Killed a tengu warrior
  8367 | D:9      | Noticed a boulder beetle
  8368 | D:9      | Noticed a jorogumo
  8368 | D:9      | a boulder beetle changed into a jorogumo
  8374 | D:9      | Killed a jorogumo
  8693 | D:9      | Identified the +6 dagger of Nuicoova {flame, *Corrode Fly
                  | Str+2}
  8737 | D:9      | Killed a manticore
  8738 | D:9      | Gained mutation: You have hoof-like feet. [demonic
                  | ancestry]
  8738 | D:9      | Reached XP level 11. HP: 28/72 MP: 11/11
  9102 | D:9      | Found a staircase to the Orcish Mines.
  9104 | D:9      | Noticed a soul eater
  9115 | D:9      | Reached skill level 12 in Axes
  9570 | D:9      | Killed a centaur warrior
  9994 | D:10     | Entered Level 10 of the Dungeon
 10016 | D:10     | Found More's Magic Scroll Boutique.
 10025 | D:10     | Bought a scroll of identify for 26 gold pieces
 10025 | D:10     | Bought a scroll of identify for 26 gold pieces
 10025 | D:10     | Bought a scroll of identify for 26 gold pieces
 10325 | D:10     | Found Sixzevir's Antique Armour Boutique.
 10435 | D:10     | Found Effynax's Magic Scroll Boutique.
 10473 | D:10     | Bought a scroll of identify for 26 gold pieces
 10473 | D:10     | Bought a scroll of identify for 26 gold pieces
 10473 | D:10     | Bought a scroll of identify for 26 gold pieces
 10474 | D:10     | Gained mutation: Your system is resistant to poisons.
                  | (rPois) [potion of mutation]
 10474 | D:10     | Gained mutation: You are robust. (+10% HP) [potion of
                  | mutation]
 10474 | D:10     | Gained mutation: You passively dampen the noise of your
                  | surroundings. [potion of mutation]
 10539 | D:10     | Found Anuexonut's General Store.
 10556 | D:10     | Found a broken altar of Ashenzari.
 10573 | D:10     | Found a runed translucent gate.
 10574 | D:10     | Found a runed translucent gate.
 10574 | D:10     | Found an opulent altar of Gozag.
 10574 | D:10     | Noticed an obsidian statue
 10575 | D:10     | Found a runed translucent gate.
 10576 | D:10     | Noticed a tengu warrior
 10576 | D:10     | Noticed Yogidamonk's ghost (novice MiHu)
 10576 | D:10     | Noticed a five-headed hydra
 10577 | D:10     | Noticed a great orb of eyes
 11004 | D:11     | Found a staircase to the Lair.
 11153 | D:11     | Noticed a boulder beetle
 11175 | D:11     | Killed a boulder beetle
 11512 | D:11     | Reached skill level 13 in Axes
 11519 | D:11     | Noticed a two-headed ogre
 11525 | D:11     | Killed a two-headed ogre
 11686 | D:11     | Noticed a centaur warrior
 11695 | D:11     | Killed a centaur warrior
 11948 | D:12     | Noticed a centaur warrior
 11962 | D:12     | Killed a centaur warrior
 11974 | D:12     | Reached XP level 12. HP: 49/91 MP: 12/12
 12427 | D:12     | Noticed a four-headed hydra
 12437 | D:12     | Killed a five-headed hydra
 12626 | D:12     | Noticed a six-headed hydra
 12633 | D:12     | Killed a six-headed hydra
 12634 | D:12     | Reached skill level 5 in Shields
 12828 | D:12     | Reached skill level 14 in Axes
 12876 | D:12     | Noticed a two-headed ogre
 12880 | D:12     | Killed a two-headed ogre
 12957 | D:12     | Identified the +5 arbalest of Exoneration {flame, rCorr
                  | Dex+3}
 13580 | D:13     | Noticed a two-headed ogre
 13583 | D:13     | Killed a two-headed ogre
 13615 | D:13     | Mangled by a very large slime creature

Illustrated notes

Levels and vault maps discovered:
D:1:      grunt_arrival_lava_bath, layout_loops_corners,
          hellmonk_ecumenical_altar_lost_god
D:2:      layout_loops_ring
D:3:      layout_rooms
D:4:      layout_loops_corners, minitemple, minmay_temple_entry_trees,
          minmay_pentomino_pile, uniq_sigmund, uniq_eustachio
D:5:      layout_basic, general_overflow_altar
D:6:      old_forge, layout_basic, uniq_blork_the_orc
D:7:      layout_basic, minmay_crystal_water
D:8:      layout_basic, grunt_ministairs_11, minivault_5, serial_bayou_pond_d
D:9:      minmay_the_grid_square_5x5_3x3 [minmay_the_grid_square_5x5_longway,
          minmay_the_grid_square_5x5_half_checkered,
          minmay_the_grid_square_5x5_spiral, minmay_the_grid_square_5x5_empty,
          minmay_the_grid_square_5x5_megaprize_open,
          minmay_the_grid_square_5x5_fancy_junction,
          minmay_the_grid_square_5x5_lines, minmay_the_grid_square_5x5_z,
          minmay_the_grid_square_5x5_two_walls_b], layout_layer_cave,
          nicolae_tso_carved_into_rock, david_orc_5,
          nicolae_shop_sticking_my_neck_out
D:10:     layout_basic, nicolae_overflow_hidden_temple, serial_shops, shop,
          nicolae_shop_statue_plus, nicolae_square_shop, shop_fountains,
          ebering_ghost_gozag, bh_walls_and_bars
D:11:     layout_long_grid, lair_entry_dummy
D:12:     layout_loops_ring, dk_vineyard_3
D:13:     layout_roguey, grunt_vaults_entry_tiered, serial_shops,
          nicolae_shop_advertising_works [nicolae_subvault_shop_adworks]
Temple:   nicolae_temple_x_marks_the_god

Skill      XL: |  1  2  3  4  5  6  7  8  9 10 11 12 |
---------------+-------------------------------------+-----
Axes           | 2 3 4 5 6 8 10 11 13 14 | 14.2
Shields        | 3 4 5 |  5.5
Armour         | 3 4 5 6 7 |  7.7
Dodging        | 1 2 3 4 5 6 7 |  7.4
Stealth        | 1 2 3 |  3.4
Fighting       | 4 5 7 8 |  8.3
Short Blades   | |  0.6
Throwing       | |  0.5

Action                   |  1- 3 |  4- 6 |  7- 9 | 10-12 || total
-------------------------+-------+-------+-------+-------++-------
Melee: War axe           |    80 |    32 |   248 |    22 ||   382
       Kick              |       |     2 |    76 |    95 ||   173
       Broad axe         |       |       |       |   213 ||   213
       Dagger            |       |       |       |     9 ||     9
Throw: Javelin           |       |       |       |     3 ||     3
       Dart              |       |       |       |     1 ||     1
Invok: Ancestor Life: Ba |       |     1 |       |       ||     1
Evoke: Wand              |       |       |       |     2 ||     2
  Use: Scroll            |       |     1 |     8 |    21 ||    30
       Potion            |       |       |     1 |    11 ||    12
 Stab: Distracted        |       |       |     6 |     3 ||     9
       Invisible         |       |       |       |     2 ||     2
Armor: Scale mail        |    42 |    26 |   118 |   109 ||   295
Dodge: Dodged            |    30 |    29 |   111 |   214 ||   384
Block: Buckler           |    12 |     8 |    55 |    85 ||   160

Table legend: (Time is in decaauts)
 A = Elapsed time spent in this place.
 B = Non-inter-level travel time spent in this place.
 C = Inter-level travel time spent in this place.
 D = Time resting spent in this place.
 E = Time spent auto-exploring this place.
 F = Levels seen in this place.
 G = Mean time per level.
                   A        B        C        D        E       F      G
               +--------+--------+--------+--------+--------+-----+--------+
         Total |  13684 |  13142 |    542 |   1511 |   9405 |  14 |  977.4 |
       Dungeon |  13619 |  13077 |    542 |   1511 |   9359 |  13 | 1047.6 |
        Temple |     64 |     64 |      0 |      0 |     46 |   1 |   64.0 |
               +--------+--------+--------+--------+--------+-----+--------+

Top non-repeatable levels by time:
     D:9: 2365 daAuts
     D:8: 1758 daAuts
     D:4: 1528 daAuts
    D:12: 1403 daAuts
    D:11: 1056 daAuts
     D:1: 1000 daAuts
     D:6: 983 daAuts
    D:10: 921 daAuts
     D:7: 747 daAuts
     D:2: 708 daAuts
     D:3: 515 daAuts
     D:5: 510 daAuts
    D:13: 120 daAuts
  Temple: 64 daAuts
